 Dungeon Crawl Stone Soup version 0.20-a0-689-g860b9ab (webtiles) character file.

163 graki42 the Magician (level 5, -3/28 HPs)
             Began as a Deep Elf Fire Elementalist on Feb 19, 2017.
             Killed by divine providence
             ... invoked by an orc priest
              (10 damage)
             ... on level 3 of the Dungeon.
             The game lasted 00:06:23 (2044 turns).

graki42 the Magician (Deep Elf Fire Elementalist)   Turns: 2044, Time: 00:06:24

Health: -3/28      AC:  3    Str:  6    XL:     5   Next: 20%
Magic:  10/14      EV: 13    Int: 20    God:
Gold:   115        SH:  0    Dex: 15    Spells: 10/14 levels left

rFire    . . .     SeeInvis .   (no weapon)
rCold    . . .     Gourm    .   a - +0 robe
rNeg     + . .     Faith    .   (no shield)
rPois    .         Spirit   .   (no helmet)
rElec    .         Reflect  .   (no cloak)
rCorr    .         Harm     .   g - +0 pair of gloves
MR       .....                  (no boots)
Stlth    +.........             (no amulet)
Regen    0.1/turn               u - ring of loudness (curse)
MPRegen  0.2/turn               t - ring of positive energy

@: no status effects
A: no striking features
a: no special abilities


You were on level 3 of the Dungeon.
You were not hungry.

You visited 1 branch of the dungeon, and saw 3 of its levels.

You collected 115 gold pieces.

Inventory:

Armour
 a - a +0 robe (worn)
 g - a +0 pair of gloves (worn)
Jewellery
 t - a ring of positive energy (left hand)
 u - a cursed ring of loudness (right hand)
Wands
 o - a wand of lightning (10/15)
 y - a wand of digging (5/24)
Scrolls
 d - a scroll of teleportation {unknown}
 i - a scroll of enchant weapon {unknown}
 k - a scroll of enchant armour {unknown}
 m - a scroll of magic mapping {unknown}
 n - a scroll of remove curse {unknown}
 q - 3 scrolls of identify {unknown}
 s - a scroll of fear {unknown}
 w - a scroll of noise {unknown}
Potions
 e - a potion of invisibility {unknown}
 f - a potion of mutation {unknown}
 j - 2 potions of heal wounds {unknown}
 l - a potion of ambrosia {unknown}
 r - a potion of flight {unknown}
 v - a potion of degeneration {unknown}
Books
 b - a book of Flames

   Spells                             Type                      Level
   a - Flame Tongue                   Conjuration/Fire             1
   b - Throw Flame                    Conjuration/Fire             2
   c - Conjure Flame                  Conjuration/Fire             3
   d - Inner Flame                    Hexes/Fire                   3
   e - Sticky Flame                   Conjuration/Fire             4
   f - Fireball                       Conjuration/Fire             5
Comestibles
 c - 2 bread rations
 h - a royal jelly
 p - 2 meat rations
 x - a chunk of flesh


   Skills:
 + Level 3.0 Dodging
 + Level 2.8 Stealth
 + Level 5.1 Spellcasting
 + Level 2.1 Conjurations
 + Level 4.6 Fire Magic


You had 10 spell levels left.
You knew the following spells:

 Your Spells              Type           Power        Failure   Level  Hunger
a - Flame Tongue          Conj/Fire      ###..        2%          1    None
b - Conjure Flame         Conj/Fire      ###.....     10%         3    ##.....


Dungeon Overview and Level Annotations

Branches:
Dungeon (3/15)

Altars:


Message History

The orc priest mumbles some strange prayers to Beogh against you.
Pain shoots through your body!
* * * LOW HITPOINT WARNING * * *
Casting: Flame Tongue
Confirm with . or Enter, or press ? or * to list all spells.
Aiming: Flame Tongue
Press: ? - help, Shift-Dir - straight line, f - orc priest
Aim: an orc priest, wielding a short sword The flame tongue hits the orc priest.
The orc priest is moderately wounded.
Casting: Flame Tongue
Confirm with . or Enter, or press ? or * to list all spells.
Aiming: Flame Tongue
Press: ? - help, Shift-Dir - straight line, f/p - orc priest
Aim: an orc priest, wielding a short sword (moderately wounded)
The flame tongue hits the orc.
The orc is heavily wounded.
The orc priest invokes the aid of Beogh against you.
Beogh smites you!
You die...

.#.............##......
..............)...%...)
#...............#[.....
##.....................
.......................
#.....................
.###.#....##..##........
.....#....##.........!..
....o.o@.....####.#....
....o##......... ......
.... ##...####. .....
#.. #..... ........
........ #.......
.......


You could see an orc priest and 2 orcs.

Vanquished Creatures
  Ijyb (D:2)
  Robin (D:2)
  7 gnolls
  An adder (D:2)
  A worm (D:2)
  A dart slug (D:1)
  2 orcs (D:3)
  A ball python (D:1)
  2 giant cockroaches
  9 goblins
  4 hobgoblins
  10 kobolds (D:1)
  A quokka (D:2)
  4 bats
  6 rats
51 creatures vanquished.

Notes
Turn   | Place    | Note
-------+----------+-------------------------------------------
     0 | D:1      | graki42 the Deep Elf Fire Elementalist began the quest for the Orb.
     0 | D:1      | Reached XP level 1. HP: 10/10 MP: 6/6
    29 | D:1      | Reached XP level 2. HP: 15/15 MP: 1/8
   780 | D:2      | Reached XP level 3. HP: 19/19 MP: 6/10
   843 | D:2      | Learned a level 3 spell: Conjure Flame
   845 | D:2      | Reached skill level 4 in Spellcasting
   945 | D:2      | Reached XP level 4. HP: 16/24 MP: 6/12
   946 | D:2      | Noticed Ijyb
   957 | D:2      | Killed Ijyb
  1082 | D:2      | Noticed Robin
  1747 | D:2      | Killed Robin
  1747 | D:2      | Reached XP level 5. HP: 11/28 MP: 8/14
  1980 | D:3      | Reached skill level 5 in Spellcasting
  2044 | D:3      | Killed from afar by an orc priest

Vault maps used:
D:1:      onia_arrival_pentagram
D:2:      first_bread, uniq_robin, uniq_iyjb
D:3:      minmay_misc_feat_alley, uniq_natasha, uniq_sigmund

Skill      XL: |  1  2  3  4  5 |
---------------+----------------+-----
Spellcasting   | 4 5 |  5.1
Fire Magic     | 4 |  4.6
Conjurations   | 2 |  2.1
Dodging        | 3 |  3.0
Stealth        | |  2.8

Action                   |  1- 3 |  4- 6 || total
-------------------------+-------+-------++-------
Melee: Unarmed           |     2 |       ||     2
 Cast: Flame Tongue      |    48 |    51 ||    99
  Eat: Chunk             |       |     3 ||     3
Armor: Robe              |     4 |     9 ||    13
Dodge: Dodged            |    18 |    25 ||    43
